[Event "Titled Tuesday Blitz August 08 Late 2023"]
[White "Chen, Max"]
[Black "Sari, Yasin"]
[WhiteFideId "2622440"]
[BlackFideId "6320902"]
[WhiteElo "2604"]
[BlackElo "2370"]
[Result "0-1"]
[Round "2"]
[TimeControl "180+1"]
[Date "2023.08.08"]
[WhiteClock "0:00:00"]
[BlackClock "0:00:02"]
[Board "125"]

1. e4 c5 2. Ne2 d6 3. g3 Nf6 4. Bg2 Nc6 5. c3 g6 6. d4 cxd4 7. cxd4 Bg7 8. O-O O-O 9. Nbc3 e5 10. d5 Ne7 11. f3 Ne8 12. Be3 f5 13. Rc1 Bd7 14. Qb3 b6 15. Nb5 h6 16. Rc2 a6 17. Na3 b5 18. f4 Kh7 19. Rfc1 fxe4 20. Bxe4 Bf5 21. Bxf5 Nxf5 22. Bf2 h5 23. Nb1 Bh6 24. Nd2 exf4 25. gxf4 Ra7 26. Nf3 Re7 27. Qd3 Qd7 28. Kh1 Nf6 29. Rg1 Rfe8 30. Ned4 Ng4 31. Nxf5 Qxf5 32. Qxf5 gxf5 33. Nd4 Bxf4 34. Nxf5 Re2 35. Rxe2 Rxe2 36. Bg3 Bxg3 37. Rxg3 Rxh2+ 38. Kg1 Rxb2 39. Nxd6 Rxa2 40. Rd3 b4 41. Nc4 Rc2 42. d6 Nf6 43. d7 Nxd7 44. Rxd7+ Kg6 45. Rc7 Rc1+ 46. Kf2 Kf6 47. Rc6+ Ke7 48. Ke2 b3 49. Kd2 b2 50. Rc7+ Kd8 51. Rh7 b1=Q 52. Rh8+ Kc7 53. Ne3 Qb2+ 54. Kd3 Qxh8 0-1


[Site "https://www.chess.com"]

[Event "Titled Tuesday Blitz August 08 Late 2023"]
[White "Manukyan, Sargis A."]
[Black "Topalov, Aleksandar"]
[WhiteFideId "13303970"]
[BlackFideId "925659"]
[WhiteElo "2579"]
[BlackElo "2366"]
[Result "1/2-1/2"]
[Round "2"]
[TimeControl "180+1"]
[Date "2023.08.08"]
[WhiteClock "0:00:06"]
[BlackClock "0:00:05"]
[Board "126"]

1. d4 e6 2. c4 f5 3. Nc3 Nf6 4. Nf3 Bb4 5. e3 b6 6. Bd3 Bb7 7. O-O Bxc3 8. bxc3 O-O 9. a4 Ne4 10. Qc2 a5 11. Ba3 d6 12. c5 Ng5 13. Nxg5 Qxg5 14. f4 Qe7 15. cxd6 cxd6 16. Rab1 Nd7 17. c4 Rac8 18. Qe2 Rfe8 19. Rfc1 Rc7 20. e4 fxe4 21. Bxe4 Bxe4 22. Qxe4 d5 23. cxd5 Qxa3 24. Rxc7 Nf6 25. Qe5 exd5 26. Rf1 Rxe5 27. fxe5 Qe3+ 28. Kh1 Qe2 29. Kg1 Qe3+ 30. Kh1 Qe2 31. Rc8+ Kf7 32. Rcc1 Kg6 33. exf6 gxf6 34. Rf4 Qa2 35. Rcf1 Qxa4 36. Rxf6+ Kg7 37. Rf7+ Kg6 38. R1f6+ Kg5 39. g3 Qxd4 40. Rf4 Qd1+ 41. Kg2 Qe2+ 42. Rf2 Qe4+ 43. Kg1 Qe1+ 44. Rf1 Qe3+ 45. Kg2 Qe2+ 46. R7f2 Qe4+ 47. Rf3 d4 48. h3 d3 49. Kh2 d2 50. h4+ Kg6 51. Rf6+ Kg7 52. Rf7+ Kg8 53. Rf8+ Kg7 54. R1f7+ Kg6 55. Rf6+ Kg7 56. R6f7+ Kg6 57. Rf6+ Kg7 58. R8f7+ Kg8 59. Rf8+ Kg7 1/2-1/2


[Site "https://www.chess.com"]

[Event "Titled Tuesday Blitz August 08 Late 2023"]
[White "Ortmann, David"]
[Black "Barria Santos, Jose Guilherme"]
[WhiteFideId "4651588"]
[BlackFideId "1939300"]
[WhiteElo "2365"]
[BlackElo "2573"]
[Result "0-1"]
[Round "2"]
[TimeControl "180+1"]
[Date "2023.08.08"]
[WhiteClock "0:00:19"]
[BlackClock "0:02:05"]
[Board "127"]

1. Nf3 Nf6 2. c4 g6 3. Nc3 Bg7 4. e4 d6 5. d4 O-O 6. Be2 c5 7. O-O Bg4 8. d5 e6 9. Bg5 Bxf3 10. Bxf3 exd5 11. exd5 Nbd7 12. Qd2 Ne5 13. Be2 a6 14. a4 Re8 15. Rae1 Qa5 16. f4 Ned7 17. f5 Qb4 18. b3 Ne4 19. Nxe4 Rxe4 20. Bd3 Qxd2 21. Bxd2 Rxe1 22. Rxe1 Bd4+ 23. Kh1 Ne5 24. Bc2 b5 25. cxb5 axb5 26. Bf4 bxa4 27. Bxe5 Bxe5 28. bxa4 Rb8 29. Rb1 Rb4 30. Rxb4 cxb4 31. g4 gxf5 32. gxf5 h6 33. Kg2 Kg7 34. h3 Kf6 35. Kf3 Bd4 36. Ke4 Bc5 37. Bb3 Kg5 38. Kf3 Kxf5 39. a5 Ke5 40. a6 Kd4 41. Kf4 Kc3 42. Ba4 b3 43. Bxb3 Kxb3 44. Kf5 Kc4 45. Kf6 Kxd5 46. Kxf7 Kc6 47. Kg6 d5 48. Kxh6 d4 49. Kg7 d3 50. h4 d2 51. h5 d1=Q 52. h6 Qd7+ 53. Kg8 Qe8+ 54. Kg7 Bd4+ 55. Kh7 Qf7# 0-1


[Site "https://www.chess.com"]

[Event "Titled Tuesday Blitz August 08 Late 2023"]
[White "Gasparyan, David"]
[Black "K2JW"]
[WhiteFideId "13311980"]
[WhiteElo "2568"]
[BlackElo "2365"]
[Result "1-0"]
[Round "2"]
[TimeControl "180+1"]
[Date "2023.08.08"]
[WhiteClock "0:00:19"]
[BlackClock "0:00:14"]
[Board "128"]

1. e4 c5 2. Nc3 d6 3. Nf3 Nc6 4. Bb5 e5 5. O-O a6 6. Bxc6+ bxc6 7. Na4 Nf6 8. Re1 Be7 9. c3 Bg4 10. h3 Bh5 11. b4 cxb4 12. cxb4 O-O 13. Bb2 Nd7 14. d4 Qc7 15. Rc1 exd4 16. Bxd4 Ne5 17. g4 Bg6 18. Rc3 a5 19. b5 c5 20. Nxe5 dxe5 21. Bxc5 Rfd8 22. Qb3 h5 23. Bb6 Qd7 24. Bxd8 Rxd8 25. Nb6 Qb7 26. Nd5 hxg4 27. hxg4 Bd6 28. Qc4 Qd7 29. Qe2 f6 30. Rd1 Bf7 31. a4 Be6 32. Rg3 Kf7 33. g5 f5 34. Qh5+ Kf8 35. g6 f4 36. Rg5 Be7 37. Rxe5 Bf6 38. Rxe6 Qxe6 39. Qh8+ Qg8 40. Qxg8+ Kxg8 41. Nxf6+ 1-0


[Site "https://www.chess.com"]

[Event "Titled Tuesday Blitz August 08 Late 2023"]
[White "Polaczek, Richard"]
[Black "Przybylski, Wojciech"]
[WhiteFideId "200026"]
[BlackFideId "1117599"]
[WhiteElo "2365"]
[BlackElo "2562"]
[Result "0-1"]
[Round "2"]
[TimeControl "180+1"]
[Date "2023.08.08"]
[WhiteClock "0:00:16"]
[BlackClock "0:00:32"]
[Board "129"]

1. d4 d5 2. c4 dxc4 3. e3 Nf6 4. Bxc4 e6 5. Qe2 c5 6. Nf3 Nc6 7. O-O cxd4 8. Rd1 e5 9. exd4 e4 10. Ng5 Bg4 11. f3 Bh5 12. Nxe4 Nxe4 13. Qxe4+ Be7 14. Nc3 Bg6 15. Qe3 O-O 16. Qf2 Rc8 17. a3 Bh4 18. g3 Bf6 19. Nd5 Bh5 20. Be3 Re8 21. Nxf6+ Qxf6 22. g4 Bg6 23. Rac1 Qe7 24. Bf4 Qf6 25. Be3 h5 26. h3 Qe7 27. Bf4 Qf6 28. Be3 a6 29. Ba2 Qd6 30. Rc5 Rxe3 31. Qxe3 Qg3+ 32. Kf1 Qxh3+ 33. Ke2 hxg4 34. d5 gxf3+ 35. Qxf3 Bh5 0-1


[Site "https://www.chess.com"]

[Event "Titled Tuesday Blitz August 08 Late 2023"]
[White "Taboas Rodriguez, Daniel"]
[Black "maksimys18"]
[WhiteFideId "2208466"]
[WhiteElo "2561"]
[BlackElo "2365"]
[Result "0-1"]
[Round "2"]
[TimeControl "180+1"]
[Date "2023.08.08"]
[WhiteClock "0:00:00"]
[BlackClock "0:01:03"]
[Board "130"]

1. d4 e6 2. Nf3 d5 3. c4 Nf6 4. Bg5 Be7 5. e3 O-O 6. Nc3 h6 7. Bh4 b6 8. Bd3 dxc4 9. Bxc4 Bb7 10. O-O Nbd7 11. Bg3 Rc8 12. Qe2 c5 13. Ba6 Bxa6 14. Qxa6 cxd4 15. exd4 Bb4 16. Rac1 Bxc3 17. bxc3 Nd5 18. c4 Nb4 19. Qa4 Nc6 20. d5 exd5 21. cxd5 Na5 22. Rxc8 Qxc8 23. d6 Qc6 24. Qxc6 Nxc6 25. Rc1 Nc5 26. Bf4 Rd8 27. h4 Nb4 28. Rd1 Nxa2 29. Ne5 Nc3 30. Rd2 N5e4 31. Nc6 Rd7 32. Rc2 g5 33. hxg5 hxg5 34. Be5 Nd5 35. Nb8 Rd8 36. d7 Nc5 37. Rd2 f6 38. Bg3 Nf4 39. Bxf4 gxf4 40. Re2 Nxd7 41. Rd2 Rxb8 0-1


[Site "https://www.chess.com"]

[Event "Titled Tuesday Blitz August 08 Late 2023"]
[White "Ncatt"]
[Black "Kochiev, Ivan"]
[BlackFideId "2917890"]
[WhiteElo "2364"]
[BlackElo "2545"]
[Result "1-0"]
[Round "2"]
[TimeControl "180+1"]
[Date "2023.08.08"]
[WhiteClock "0:00:12"]
[BlackClock "0:00:01"]
[Board "131"]

1. e4 e5 2. Nf3 Nf6 3. Nxe5 Nc6 4. Nxc6 dxc6 5. d3 Bc5 6. Be2 h5 7. Be3 Bxe3 8. fxe3 Ng4 9. Qd2 Qg5 10. Bxg4 hxg4 11. Nc3 Be6 12. O-O-O O-O-O 13. Kb1 Qa5 14. g3 Rh5 15. Rhf1 Rdh8 16. Rf2 b5 17. b3 Qb4 18. Rdf1 a5 19. Kb2 Qe7 20. d4 f6 21. Ne2 Rxh2 22. Qxa5 Rxf2 23. Rxf2 Kb7 24. d5 Bd7 25. Nd4 Ra8 26. dxc6+ Bxc6 27. Nxc6 Qc5 28. Qb4 Kxc6 29. Qxc5+ Kxc5 30. Rf4 Re8 31. Rxg4 g5 32. Kc3 Re5 33. a4 Kb6 34. Kb4 c6 35. a5+ Ka6 36. c4 c5+ 37. Kc3 b4+ 38. Kd3 Kxa5 39. Ke2 Kb6 40. Kf3 Kc7 41. Kg2 Kd6 42. Kf3 Ke6 43. Kg2 Kf7 44. Kf3 Kg7 45. Kg2 Kh6 46. Kf2 Kg6 47. Kg2 Kh5 48. Kf3 Re6 49. e5 f5 50. Rd4 cxd4 51. exd4 Kg6 52. c5 Re8 53. c6 Rc8 54. d5 Kf7 55. Ke3 Ke7 56. Kd4 Rh8 57. d6+ Ke6 58. c7 Rf8 59. Kc5 f4 60. gxf4 gxf4 61. Kc6 f3 62. d7 f2 63. d8=Q Rxd8 64. cxd8=Q f1=Q 65. Qd6+ Kf5 66. Qf6+ Ke4 67. Qxf1 1-0


[Site "https://www.chess.com"]

[Event "Titled Tuesday Blitz August 08 Late 2023"]
[White "Toropov, Pavel"]
[Black "Dwilewicz, Katarzyna"]
[WhiteFideId "24129178"]
[BlackFideId "1148486"]
[WhiteElo "2541"]
[BlackElo "2362"]
[Result "0-1"]
[Round "2"]
[TimeControl "180+1"]
[Date "2023.08.08"]
[WhiteClock "0:00:14"]
[BlackClock "0:00:04"]
[Board "132"]

1. e4 c5 2. Nf3 d6 3. Bb5+ Nd7 4. d4 cxd4 5. Qxd4 a6 6. Bxd7+ Bxd7 7. Nc3 Nf6 8. Bg5 e5 9. Qd3 h6 10. Bxf6 Qxf6 11. Nd5 Qd8 12. O-O-O Rc8 13. Kb1 Be6 14. Rd2 Qa5 15. Qb3 b5 16. Rhd1 Rc6 17. Qe3 Be7 18. Qa7 Bxd5 19. Rxd5 Qc7 20. Qxc7 Rxc7 21. a4 Rb7 22. axb5 axb5 23. b4 O-O 24. Kb2 Rc8 25. Ra1 Rc4 26. Kb3 Rxe4 27. c3 Re2 28. Ra5 Rxf2 29. Raxb5 Rc7 30. Rb8+ Kh7 31. b5 e4 32. Nd4 Rf1 33. Kc2 Rf2+ 34. Kb3 Bf6 35. b6 Rc5 36. Rxc5 dxc5 37. b7 Be5 38. Re8 Rf1 39. Kc2 Bxh2 40. Nc6 Rf2+ 41. Kb3 Rf6 42. b8=Q Bxb8 43. Nxb8 Rb6+ 44. Kc4 f5 45. Nd7 Rb2 46. Nf8+ Kg8 47. Nd7+ Kf7 48. Re5 g6 49. Nxc5 Rxg2 50. Kd4 Rd2+ 51. Ke3 Rc2 52. Kd4 Rd2+ 53. Ke3 Rc2 54. Kd4 h5 55. c4 h4 56. Nxe4 fxe4 57. Rxe4 g5 58. Re5 Kf6 59. Re8 g4 60. Rf8+ Kg6 61. Rf4 Kg5 62. Rf8 h3 63. c5 g3 64. Kd3 Rc1 65. Rg8+ Kf4 66. Kd2 Rxc5 0-1


[Site "https://www.chess.com"]

[Event "Titled Tuesday Blitz August 08 Late 2023"]
[White "ArtemDyachuk"]
[Black "Andrews, Todd"]
[BlackFideId "2012456"]
[WhiteElo "2526"]
[BlackElo "2361"]
[Result "1-0"]
[Round "2"]
[TimeControl "180+1"]
[Date "2023.08.08"]
[WhiteClock "0:00:05"]
[BlackClock "0:00:13"]
[Board "133"]

1. e4 c5 2. Nf3 d6 3. d4 cxd4 4. Nxd4 Nf6 5. Nc3 a6 6. h3 e6 7. g4 b5 8. Bg2 Bb7 9. a3 Nfd7 10. O-O Nb6 11. Nde2 Be7 12. b3 N8d7 13. Be3 Qc7 14. Qd2 Rc8 15. Rac1 O-O 16. Bd4 Bf6 17. Nd1 Bxd4 18. Nxd4 Qc5 19. Ne3 Qxa3 20. Rfd1 Rfd8 21. b4 Qc3 22. Qe2 Qxb4 23. Qf3 Ne5 24. Qg3 Nbc4 25. Ne2 Nxe3 26. Qxe3 Qc5 27. Qg3 Nc4 28. Nf4 a5 29. Nd3 Qb6 30. h4 a4 31. h5 d5 32. h6 dxe4 33. Nf4 e3 34. Nh5 exf2+ 35. Kh2 e5 36. Bxb7 Qxb7 37. Qh4 Rxd1 38. Rxd1 Qc7 39. Qg5 e4+ 40. Kh3 f6 41. Nxf6+ Kh8 42. Nh5 Rg8 43. hxg7+ Rxg7 44. Rd8+ Qxd8 45. Qxd8+ Rg8 46. Qf6+ Rg7 47. Qxg7# 1-0


[Site "https://www.chess.com"]

[Event "Titled Tuesday Blitz August 08 Late 2023"]
[White "Daianu, Cristian-Clement"]
[Black "ElDivis"]
[WhiteFideId "1208926"]
[WhiteElo "2351"]
[BlackElo "2519"]
[Result "0-1"]
[Round "2"]
[TimeControl "180+1"]
[Date "2023.08.08"]
[WhiteClock "0:00:06"]
[BlackClock "0:00:33"]
[Board "134"]

1. d4 Nf6 2. Bf4 c5 3. e3 Qb6 4. Nf3 cxd4 5. exd4 Qxb2 6. Nbd2 d5 7. Bd3 Nc6 8. Rb1 Qxa2 9. O-O Qa5 10. c4 e6 11. Re1 Be7 12. cxd5 Nxd5 13. Bg5 Nc3 14. Nc4 Qxg5 15. Qc2 Nxd4 16. Nxd4 Nxb1 17. Rxb1 O-O 18. Bxh7+ Kh8 19. Nf3 Qh6 20. Be4 Bf6 21. h3 Rb8 22. Nce5 b5 23. Ng4 Qf4 24. g3 Qd6 25. Nxf6 gxf6 26. Rd1 Qe7 27. Qd2 Kg7 28. Nh2 f5 29. Bf3 Bb7 30. Bxb7 Rxb7 31. Nf3 Rbb8 32. Qf4 Qf6 33. Re1 b4 34. h4 b3 35. Ng5 b2 0-1


[Site "https://www.chess.com"]

[Event "Titled Tuesday Blitz August 08 Late 2023"]
[White "Castella Garcia, Fausto"]
[Black "ATM622"]
[WhiteFideId "3501922"]
[WhiteElo "2347"]
[BlackElo "2513"]
[Result "0-1"]
[Round "2"]
[TimeControl "180+1"]
[Date "2023.08.08"]
[WhiteClock "0:00:19"]
[BlackClock "0:01:26"]
[Board "135"]

1. e4 c6 2. Nc3 d5 3. Nf3 dxe4 4. Nxe4 Bf5 5. Ng3 Bg6 6. h4 h6 7. Ne5 Bh7 8. Qh5 g6 9. Bc4 e6 10. Qf3 Nf6 11. b3 Bg7 12. Bb2 O-O 13. O-O-O a5 14. Kb1 a4 15. d4 Nbd7 16. Bd3 axb3 17. cxb3 Qa5 18. a4 Nxe5 19. dxe5 Nd5 20. h5 Nc3+ 21. Kc2 Bxe5 22. Qg4 Nxd1 23. Rxd1 Bxb2 24. Kxb2 Qe5+ 25. Kb1 f5 26. Qc4 Qd5 27. hxg6 Bxg6 28. Qc2 Rad8 0-1


[Site "https://www.chess.com"]

[Event "Titled Tuesday Blitz August 08 Late 2023"]
[White "Villuendas Valero, Adrian"]
[Black "Sreyas Payyappat"]
[WhiteFideId "2262460"]
[BlackFideId "46674969"]
[WhiteElo "2336"]
[BlackElo "2508"]
[Result "0-1"]
[Round "2"]
[TimeControl "180+1"]
[Date "2023.08.08"]
[WhiteClock "0:00:16"]
[BlackClock "0:01:32"]
[Board "136"]

1. e4 c6 2. Nf3 d5 3. Nc3 dxe4 4. Nxe4 Nf6 5. Qe2 Nxe4 6. Qxe4 Nd7 7. Bc4 Nf6 8. Ne5 e6 9. Qe2 b5 10. Bb3 Qc7 11. d4 Bd6 12. Bg5 Bb7 13. O-O Nd5 14. Bxd5 cxd5 15. Qxb5+ Kf8 16. c3 f6 17. Nd7+ Ke7 18. Nc5 Bxc5 19. dxc5 fxg5 20. Rfe1 Rhf8 21. Rad1 Rf6 22. f3 Raf8 23. b4 g4 24. fxg4 Rf2 25. Re2 Bc6 26. Qd3 Qf4 27. Ree1 d4 28. Rxe6+ Kxe6 29. Re1+ Kd7 0-1


[Site "https://www.chess.com"]

[Event "Titled Tuesday Blitz August 08 Late 2023"]
[White "Geivondian, Arman"]
[Black "crosky"]
[WhiteFideId "24102032"]
[WhiteElo "2508"]
[BlackElo "2332"]
[Result "1-0"]
[Round "2"]
[TimeControl "180+1"]
[Date "2023.08.08"]
[WhiteClock "0:01:43"]
[BlackClock "0:00:00"]
[Board "137"]

1. e4 c6 2. Nf3 d5 3. d3 g6 4. e5 Bg7 5. d4 f6 6. exf6 exf6 7. Bf4 Bh6 8. Qd2 Bxf4 9. Qxf4 Qe7+ 10. Be2 Qe4 11. Qd2 Bf5 12. Na3 Nd7 13. O-O-O O-O-O 14. h3 h5 15. Rhe1 Qe6 16. Nh4 Nh6 17. Bxh5 Qf7 18. Nxf5 Nxf5 19. Bg4 Nd6 20. Qf4 Ne4 21. f3 Nf2 22. Rd2 Nxg4 23. hxg4 Rde8 24. Rde2 Rxe2 25. Rxe2 Rh1+ 26. Kd2 Nb6 27. b3 Na8 28. c4 Nc7 29. Qd6 Ra1 30. Kc3 Rc1+ 31. Kb2 Rd1 32. Re7 1-0


[Site "https://www.chess.com"]

[Event "Titled Tuesday Blitz August 08 Late 2023"]
[White "Mickiewicz, Piotr"]
[Black "Peatman, Carter"]
[WhiteFideId "1114891"]
[BlackFideId "2096480"]
[WhiteElo "2506"]
[BlackElo "2332"]
[Result "1-0"]
[Round "2"]
[TimeControl "180+1"]
[Date "2023.08.08"]
[WhiteClock "0:00:12"]
[BlackClock "0:00:03"]
[Board "138"]

1. Nf3 d5 2. g3 Nf6 3. Bg2 Bf5 4. O-O e6 5. d3 h6 6. Nbd2 Bh7 7. b3 Be7 8. Bb2 O-O 9. Ne5 Nbd7 10. e4 Nxe5 11. Bxe5 Nd7 12. Bb2 Bf6 13. Qc1 c6 14. Re1 Bxb2 15. Qxb2 Qa5 16. Re2 Rfe8 17. Rae1 Nf6 18. Nf3 Rad8 19. Ne5 dxe4 20. Nc4 Qc7 21. dxe4 e5 22. f3 Kh8 23. Bh3 Qe7 24. Kg2 Bg6 25. Ne3 Nd7 26. a4 Nc5 27. Qc3 b6 28. a5 Qc7 29. axb6 axb6 30. Nc4 f6 31. Ra1 Bf7 32. Qb4 Bxc4 33. Qxc4 Rd4 34. Qc3 Red8 35. b4 Nd7 36. Ra6 Qd6 37. Bxd7 Rxd7 38. Rxb6 Rc7 39. b5 Qb4 40. Qxb4 Rxb4 41. Rxc6 Rxc6 42. bxc6 Rc4 43. Kf2 Rxc6 44. Rd2 Kh7 45. Ke2 Rc3 46. h4 Kg6 47. Kf2 h5 48. Kg2 Kh6 49. Rf2 Kg6 50. Kf1 Re3 51. Kg2 Rc3 52. Rd2 Kf7 53. Kf2 Ke6 54. Re2 g5 55. hxg5 fxg5 56. Kg2 Kf6 57. Rd2 Ke6 58. Rf2 Kf6 59. Re2 Ke6 60. Rd2 Kf6 61. Rd6+ Kf7 62. Rh6 Rxc2+ 63. Kg1 Rc3 64. Kf2 Rc2+ 65. Kf1 Rc1+ 66. Ke2 Rc2+ 67. Kd3 Rg2 68. Rxh5 Rxg3 69. Ke2 Kg6 70. Rh8 g4 71. Rg8+ Kh5 72. fxg4+ Rxg4 73. Rh8+ Kg5 74. Kf3 Rf4+ 75. Ke3 Kf6 76. Rh6+ Ke7 77. Rh5 Ke6 78. Rh8 Rg4 79. Ra8 Rg3+ 80. Kf2 Rb3 81. Ra6+ Kf7 82. Ke2 Rg3 83. Kd2 Rh3 84. Rd6 Ke7 85. Rd3 Ke6 86. Rxh3 1-0


[Site "https://www.chess.com"]

[Event "Titled Tuesday Blitz August 08 Late 2023"]
[White "Shapiro, Daniel"]
[Black "Kozusek, Daniel"]
[WhiteFideId "2001780"]
[BlackFideId "349500"]
[WhiteElo "2331"]
[BlackElo "2506"]
[Result "0-1"]
[Round "2"]
[TimeControl "180+1"]
[Date "2023.08.08"]
[WhiteClock "0:00:00"]
[BlackClock "0:00:05"]
[Board "139"]

1. d4 Nf6 2. c4 e6 3. g3 c5 4. d5 exd5 5. cxd5 d6 6. Nc3 g6 7. Nf3 Bg7 8. Bg2 O-O 9. O-O Re8 10. Nd2 Na6 11. Nc4 Nc7 12. Bf4 Bf8 13. a4 b6 14. h3 Ba6 15. Qb3 Bxc4 16. Qxc4 Nd7 17. e4 Ne5 18. Qe2 Bg7 19. g4 g5 20. Bg3 Ng6 21. Qd2 Be5 22. Nd1 Nf4 23. Ne3 b5 24. Nf5 bxa4 25. h4 Rb8 26. Ra2 Nb5 27. Kh2 Nd4 28. Rh1 Rb3 29. Ra3 Nde2 30. Ra2 gxh4 31. Bxh4 Ng6+ 32. Bg3 Nxg3 33. fxg3 Bxg3+ 34. Nxg3 Qh4+ 35. Kg1 Qxg3 36. Qh6 Qe1+ 37. Kh2 Qf2 38. Rxa4 Rg3 39. Rg1 Nf4 40. Qg5+ Ng6 41. Ra3 Rxa3 42. bxa3 Qf4+ 43. Qxf4 Nxf4 44. Bf3 Nd3 45. Rb1 Ne5 0-1


[Site "https://www.chess.com"]

[Event "Titled Tuesday Blitz August 08 Late 2023"]
[White "Berezin, Viktor"]
[Black "ciroreva-CB"]
[WhiteFideId "14107872"]
[WhiteElo "2506"]
[BlackElo "2326"]
[Result "0-1"]
[Round "2"]
[TimeControl "180+1"]
[Date "2023.08.08"]
[WhiteClock "0:00:10"]
[BlackClock "0:00:05"]
[Board "140"]

1. d4 d5 2. c4 dxc4 3. Nf3 e6 4. e3 a6 5. a4 Nf6 6. Bxc4 c5 7. O-O Nc6 8. Nc3 cxd4 9. exd4 Be7 10. Bb3 O-O 11. Bc2 Nb4 12. Bb1 b6 13. Qe2 Bb7 14. Rd1 Rc8 15. Bg5 Nbd5 16. Nxd5 Qxd5 17. Bd3 a5 18. Rac1 h6 19. Bh4 Qh5 20. Bg3 Rfd8 21. Ba6 Rxc1 22. Rxc1 Bxf3 23. Qxf3 Qxf3 24. gxf3 Rxd4 25. b3 Nd5 26. Be5 Rd2 27. Bc4 Bc5 28. Bg3 Kf8 29. Kf1 Ke7 30. Ke1 Bb4 31. Kf1 g5 32. h4 f5 33. hxg5 hxg5 34. Bxd5 Rxd5 35. f4 g4 36. Rc7+ Kd6 37. Rc8 Kd7 38. Rb8 Bc5 39. Bh4 Kc7 40. Re8 Rd3 41. Rxe6 Rxb3 42. Re5 Rf3 43. Rxf5 Bxf2 44. Bxf2 g3 45. Rf7+ Kc6 46. Kg2 gxf2 47. Kf1 Kc5 48. Rf6 b5 49. Rf5+ Kb4 50. axb5 a4 51. b6 Rd3 52. b7 Rd8 53. Kxf2 Rb8 54. Rf6 Rxb7 55. Ra6 a3 56. f5 Kb3 57. Kf3 a2 58. Kf4 Rb4+ 59. Kg5 Ra4 60. Rb6+ Kc3 61. Rc6+ Kd2 62. Rd6+ Ke2 63. Re6+ Kf2 64. f6 a1=Q 65. f7 Qg7+ 66. Kf5 Qxf7+ 67. Rf6 Rf4+ 68. Kg5 Qxf6+ 69. Kh5 Rh4# 0-1


[Site "https://www.chess.com"]

[Event "Titled Tuesday Blitz August 08 Late 2023"]
[White "Chor, Kevin"]
[Black "Vasques, Antonio Pedro Freixial"]
[WhiteFideId "2090740"]
[BlackFideId "1908332"]
[WhiteElo "2505"]
[BlackElo "2326"]
[Result "1-0"]
[Round "2"]
[TimeControl "180+1"]
[Date "2023.08.08"]
[WhiteClock "0:00:56"]
[BlackClock "0:00:10"]
[Board "141"]

1. e4 c5 2. Nf3 d6 3. d4 Nf6 4. Nc3 cxd4 5. Nxd4 a6 6. Be2 g6 7. Be3 Bg7 8. Qd2 O-O 9. Bh6 Nc6 10. Bxg7 Kxg7 11. h4 h5 12. O-O-O Qa5 13. Nb3 Qb4 14. a3 Qb6 15. f3 Be6 16. Nd5 Bxd5 17. exd5 Ne5 18. g4 Rac8 19. Kb1 a5 20. gxh5 a4 21. Nd4 Nxh5 22. Rdg1 Nc4 23. Bxc4 Rxc4 24. Nf5+ Kg8 25. Qh6 Qf2 26. Nxe7# 1-0


[Site "https://www.chess.com"]

[Event "Titled Tuesday Blitz August 08 Late 2023"]
[White "D`Arruda, Ricardo D."]
[Black "Lopez Gracia, Fernando"]
[WhiteFideId "100692"]
[BlackFideId "2207184"]
[WhiteElo "2504"]
[BlackElo "2324"]
[Result "1/2-1/2"]
[Round "2"]
[TimeControl "180+1"]
[Date "2023.08.08"]
[WhiteClock "0:01:27"]
[BlackClock "0:00:20"]
[Board "142"]

1. Nf3 c5 2. c4 Nc6 3. Nc3 g6 4. d4 cxd4 5. Nxd4 Bg7 6. e3 d6 7. Be2 Nf6 8. O-O O-O 9. b3 Bd7 10. Bb2 Rc8 11. Rc1 a6 12. h3 Qa5 13. a3 Nxd4 14. Qxd4 Ne8 15. Qh4 b5 16. Qxe7 Be6 17. b4 Qb6 18. Nd5 Bxd5 19. Bxg7 Kxg7 20. cxd5 Nf6 21. Rc6 Rxc6 22. dxc6 Qxc6 23. Bf3 Qc3 24. Qxd6 Qxa3 25. g4 h6 26. h4 Kg8 27. Qxf6 Qxb4 28. h5 gxh5 29. Qxh6 hxg4 30. Qg5+ Kh8 31. Bxg4 f5 32. Kg2 Qxg4+ 33. Qxg4 fxg4 34. Ra1 Rf6 35. Kg3 Rg6 36. Kf4 Kg7 37. Kf5 Rf6+ 38. Kxg4 Rxf2 39. Rxa6 Rb2 40. Rb6 Rb3 41. Kg5 Rxe3 42. Rb7+ Kf8 43. Rxb5 Re7 44. Kf6 Rf7+ 1/2-1/2


[Site "https://www.chess.com"]

[Event "Titled Tuesday Blitz August 08 Late 2023"]
[White "Harish, Neeraj"]
[Black "Toncheva, Nadya"]
[WhiteFideId "30958130"]
[BlackFideId "2924056"]
[WhiteElo "2324"]
[BlackElo "2501"]
[Result "0-1"]
[Round "2"]
[TimeControl "180+1"]
[Date "2023.08.08"]
[WhiteClock "0:00:36"]
[BlackClock "0:01:14"]
[Board "143"]

1. e4 c5 2. Nf3 Nc6 3. Bb5 e6 4. Bxc6 bxc6 5. O-O Ne7 6. e5 Ng6 7. b3 Be7 8. d3 O-O 9. Nbd2 f6 10. Nc4 Qc7 11. Bb2 fxe5 12. Ncxe5 Nxe5 13. Bxe5 d6 14. Bb2 e5 15. h3 Be6 16. Re1 Rf7 17. d4 cxd4 18. Bxd4 Bd5 19. Be3 Bxf3 20. gxf3 Raf8 21. Kh2 Rxf3 22. Rg1 Bh4 23. Rg2 d5 24. Bc5 R8f7 25. Qg1 e4+ 26. Kh1 Rxh3+ 27. Rh2 Rxh2+ 28. Qxh2 Qxh2+ 29. Kxh2 Bxf2 0-1


[Site "https://www.chess.com"]

[Event "Titled Tuesday Blitz August 08 Late 2023"]
[White "Koc, Przemyslaw"]
[Black "Ai, Evan"]
[WhiteFideId "1109081"]
[BlackFideId "2094770"]
[WhiteElo "2500"]
[BlackElo "2323"]
[Result "1-0"]
[Round "2"]
[TimeControl "180+1"]
[Date "2023.08.08"]
[WhiteClock "0:00:13"]
[BlackClock "0:00:06"]
[Board "144"]

1. Nf3 Nf6 2. g3 d5 3. Bg2 Bf5 4. O-O e6 5. d4 Nbd7 6. c4 c6 7. Qb3 Qb6 8. c5 Qxb3 9. axb3 Be7 10. Nc3 O-O 11. b4 b6 12. Bf4 a5 13. b5 cxb5 14. c6 Nb8 15. c7 Na6 16. Nxb5 Rfc8 17. Rfc1 Ne8 18. Rc6 Be4 19. Rac1 h6 20. h4 a4 21. Rxb6 Nb4 22. Nd6 Nxd6 23. Bxd6 Bxd6 24. Rxd6 Na6 25. Rdc6 Bxf3 26. Bxf3 Kf8 27. e4 dxe4 28. Bxe4 Ke7 29. Rb6 Ra7 30. Bb7 Rxc7 31. Rxc7+ Nxc7 32. Bc6 Nd5 33. Bxd5 exd5 34. Kg2 Kd7 35. Kf3 a3 36. bxa3 Rxa3+ 37. Kf4 Ra2 38. f3 Re2 39. h5 Re6 40. Rb8 Ke7 41. g4 Kf6 42. Rd8 g5+ 43. hxg6 fxg6 44. Rxd5 Rc6 45. Rc5 Rd6 46. d5 Ke7 47. Ke5 Rd7 48. Rc6 h5 49. Rxg6 h4 50. Rg7+ Kd8 51. Rxd7+ Kxd7 52. Kf4 Kd6 53. g5 Kxd5 54. Kg4 Ke5 55. Kxh4 Kf4 56. g6 Kxf3 57. g7 1-0


[Site "https://www.chess.com"]

[Event "Titled Tuesday Blitz August 08 Late 2023"]
[White "Fernandez Siles, Luis"]
[Black "Liu, Casper"]
[WhiteFideId "2209420"]
[BlackFideId "1454153"]
[WhiteElo "2321"]
[BlackElo "2500"]
[Result "1-0"]
[Round "2"]
[TimeControl "180+1"]
[Date "2023.08.08"]
[WhiteClock "0:00:33"]
[BlackClock "0:00:07"]
[Board "145"]

1. e4 c6 2. d4 d5 3. exd5 cxd5 4. c4 e6 5. Nc3 Nf6 6. Nf3 Be7 7. cxd5 exd5 8. Bd3 O-O 9. h3 Re8 10. O-O Nc6 11. a3 Be6 12. Bc2 Qd7 13. Ne5 Qc7 14. Nxc6 bxc6 15. Na4 Rad8 16. Be3 Ne4 17. Qf3 Bf6 18. Rac1 Bg5 19. Bxg5 Nxg5 20. Qd3 g6 21. Nc5 Bf5 22. Qg3 Qxg3 23. fxg3 Ne4 24. Bxe4 Bxe4 25. Rfe1 Rb8 26. b4 Rb6 27. Nxe4 Rxe4 28. Rxe4 dxe4 29. g4 Kg7 30. Rc5 Ra6 31. Rc3 f5 32. gxf5 gxf5 33. Kf2 Kf6 34. Ke3 h6 35. Kf4 Ke6 36. Rc5 Rxa3 37. Rxc6+ Kd7 38. Rxh6 Rb3 39. Kxf5 Rxb4 40. Rh7+ Ke8 41. Kxe4 a5 42. g4 Rb1 43. Ra7 Rh1 44. Rxa5 Rxh3 45. Kf5 Rf3+ 46. Ke4 Rf1 47. g5 Kf7 48. Ra6 Re1+ 49. Kd5 Rg1 50. g6+ Ke7 51. Ra7+ Kf6 52. g7 Rxg7 53. Rxg7 Kxg7 54. Kd6 Kf8 55. Kc7 Ke8 56. d5 Ke7 57. d6+ Ke8 58. d7+ 1-0


[Site "https://www.chess.com"]